 Dungeon Crawl Stone Soup version 0.30.0-10-gfe55d96785 (webtiles) character file.

Game seed: 15885389043446642328

2676 Byczy the Thaumaturge (level 9, -9/46 HPs)
             Began as a Deep Elf Fire Elementalist on May 15, 2023.
             Was an Initiate of Vehumet.
             Mangled by a two-headed ogre
             ... wielding a +0 giant spiked club
              (11 damage)
             ... on level 7 of the Dungeon.
             The game lasted 00:35:05 (8255 turns).

Byczy the Thaumaturge (Deep Elf Fire Elementalist)  Turns: 8255, Time: 00:35:06

Health: -9/46      AC:  4    Str:  5    XL:     9   Next: 37%
Magic:  22/25      EV: 13    Int: 25    God:    Vehumet [......]
Gold:   396        SH:  0    Dex: 15    Spells: 12/28 levels left

rFire   + . .        A - +7 staff of the Meek {protect, meekguard}
rCold   + . .        (shield currently unavailable)
rNeg    . . .        p - +2 robe {rF+}
rPois   .            (no helmet)
rElec   .            (no cloak)
rCorr   .            (no gloves)
SInv    +            (no boots)
Will    .....        (no amulet)
Stlth   +++          f - ring of protection from cold
HPRegen 0.27/turn    h - ring of see invisible
MPRegen 0.19/turn

%: no passive effects
@: no status effects
A: no striking features
a: Renounce Religion


You were on level 7 of the Dungeon.
You worshipped Vehumet.
Vehumet was noncommittal.
You visited 2 branches of the dungeon, and saw 9 of its levels.
You also visited: Ossuary.

You collected 396 gold pieces.

Inventory:

Hand Weapons
 x - a +4 quarterstaff of chaos
 A - the +7 staff of the Meek (weapon) {protect, meekguard}
   (You found it on level 7 of the Dungeon)
Missiles
 k - a throwing net
Armour
 a - a +0 robe
 p - a +2 robe of fire resistance (worn)
 t - a +1 leather armour of cold resistance
 y - a +0 cloak
Magical Staves
 e - a staff of conjuration
Jewellery
 f - a ring of protection from cold (left hand)
 h - a ring of see invisible (right hand)
Wands
 j - a wand of polymorph (6)
 r - a wand of charming (10)
 u - a wand of acid (9)
 C - a wand of mindburst (20)
 E - a wand of flame (24)
Scrolls
 c - a scroll of identify
 d - 3 scrolls of teleportation
 m - a scroll of blinking
 q - a scroll of magic mapping {unknown}
 w - 2 scrolls of vulnerability {unknown}
 D - a scroll of poison {unknown}
Potions
 b - a potion of magic
 g - 5 potions of heal wounds
 i - 2 potions of mutation
 l - a potion of resistance {unknown}
 n - 4 potions of curing
 o - a potion of haste {unknown}
 s - a potion of cancellation {unknown}
 v - 2 potions of attraction
 z - a potion of lignification {unknown}
 B - a potion of brilliance {unknown}


   Skills:
 + Level 0.3 Fighting
 + Level 1.2 Staves
 + Level 3.1 Dodging
 + Level 4.6 Stealth
 + Level 10.3 Spellcasting
 + Level 5.6 Conjurations
 + Level 9.5 Fire Magic


You had 12 spell levels left.
You knew the following spells:

 Your Spells              Type           Power      Damage    Failure   Level
a - Foxfire               Conj/Fire      100%       2x1d9     1%          1
b - Scorch                Fire           100%       2d9       1%          2
c - Flame Wave            Conj/Fire      50%        2d12      1%          4
d - Hailstorm             Conj/Ice       27%        3d7       4%          3
e - Fireball              Conj/Fire      25%        3d11      6%          5
f - Freeze                Ice            52%        1d6       4%          1

Your spell library contained the following spells:

 Spells                   Type           Power      Damage    Failure   Level
 Inner Flame              Hex/Fire       36%        N/A       1%          3
 Volatile Blastmotes      Fire/Tloc      72%        2d16      1%          3
 Frozen Ramparts          Ice            26%        1d4       14%         3
 Starburst                Conj/Fire      25%        6d8       32%         6
 Plasma Beam              Fire/Air       18%        2x1d32    71%         6


Dungeon Overview and Level Annotations

Branches:
Dungeon (8/15)             Temple (1/1) D:4         Ossuary (visited)
   Lair: D:8-11

Altars:
Ashenzari
Cheibriados
Elyvilon
Fedhas
Gozag
Hepliaklqana
Kikubaaqudgha
Makhleb
Nemelex Xobeh
Okawaru
Qazlal
Sif Muna
Trog
Uskayaw
Vehumet
Wu Jian
Xom
Yredelemnul
Zin
The Shining One


Message History

Found 2 stones.
You see here 2 stones.
You see here a +0 whip.
Casting: Foxfire (safe; 1% risk of failure)
Confirm with . or Enter, or press ? or * to list all spells.
You don't know that spell.
Casting: Foxfire (safe; 1% risk of failure)
Confirm with . or Enter, or press ? or * to list all spells.
Okay, then.
The two-headed ogre shouts in stereo!
You see here a +0 whip.
Casting: Foxfire (safe; 1% risk of failure)
Confirm with . or Enter, or press ? or * to list all spells.
Aiming: Freeze (safe; 4% risk of failure)
Press: ? - help, Shift-Dir - straight line, f - two-headed ogre
Aim: a two-headed ogre, wielding a +0 giant spiked club and a +0 giant club You freeze the two-headed ogre.
The two-headed ogre is lightly wounded.
The two-headed ogre hits you with a +0 giant spiked club!
The two-headed ogre barely misses you.
Casting: Freeze (safe; 4% risk of failure)
Confirm with . or Enter, or press ? or * to list all spells.
Flames lash the two-headed ogre.
The two-headed ogre is lightly wounded.
The two-headed ogre's fire resistance burns away.
Casting: Scorch (safe; 1% risk of failure)
Confirm with . or Enter, or press ? or * to list all spells.
Okay, then.
Casting: Scorch (safe; 1% risk of failure)
Confirm with . or Enter, or press ? or * to list all spells.
Aiming: Freeze (safe; 4% risk of failure)
Press: ? - help, Shift-Dir - straight line, f/p - two-headed ogre
Aim: a two-headed ogre, wielding a +0 giant spiked club and a +0 giant club (lightly wounded, more vulnerable to fire)
You freeze the two-headed ogre.
The two-headed ogre is moderately wounded.
The two-headed ogre hits you with a +0 giant spiked club!!!
Ouch! That really hurt!
* * * LOW HITPOINT WARNING * * *
The two-headed ogre hits you with a +0 giant club!
You die...

#######......#.#.#.#
#. #$#8.#..
####.###...#.#
+##)##'###
########.# #.....#
g' #..8## .........#
#.##### #g#.W.cO
########## #)#
#g##'### #.# #g#8.#
# #.# W###c.# #
#O###### #..'..## #
#.@..(.# ###### #
######.# # #.# # #.#
#####.# #.....#
#.##### #.# #.#


You could see a two-headed ogre (combustible).

Vanquished Creatures
  Grinder (D:5)
  Sigmund (D:3)
  A steam dragon (D:8)
  A water moccasin (D:6)
  An ice beast (D:7)
  A black bear (D:6)
  2 ogres
  A phantom (D:5)
  An elf zombie (Ossuary)
  3 bullfrogs
  A scorpion (D:6)
  2 necrophages (D:4)
  2 wights (D:4)
  A bullfrog zombie (D:4)
  2 centaur zombies (Ossuary)
  2 human zombies
  3 hounds
  Crazy Yiuf (D:5)
  An orc priest (D:5)
  A sleepcap (D:6)
  Jessica (D:3)
  4 orc wizards
  Ijyb (D:5)
  6 iguanas
  6 hound zombies
  5 mummies
  A gnoll (D:7)
  15 adders
  A shadow imp (D:8)
  A white imp (D:8)
  2 ufetubi
  6 adder zombies
  8 dart slugs
  16 orcs
  6 bats
  7 endoplasms
  A giant cockroach (D:3)
  2 gnoll zombies (Ossuary)
  11 goblins
  6 hobgoblins
  2 jackals (D:5)
  7 kobolds
  7 quokkas
  7 ball pythons
  5 frilled lizards
  2 goblin zombies (Ossuary)
  5 hobgoblin zombies (Ossuary)
  6 jackal zombies (Ossuary)
  4 kobold zombies (Ossuary)
  An orc zombie (Ossuary)
  2 rats
  4 rat zombies (Ossuary)
187 creatures vanquished.

Vanquished Creatures (others)
  611 foxfires
611 creatures vanquished.

Grand Total: 798 creatures vanquished

Notes
Turn   | Place    | Note
-------+----------+-------------------------------------------
     0 | D:1      | Byczy the Deep Elf Fire Elementalist began the quest for
                  | the Orb.
     0 | D:1      | Reached XP level 1. HP: 10/10 MP: 6/6
   111 | D:1      | Reached XP level 2. HP: 15/15 MP: 0/8
   115 | D:1      | Learned a level 2 spell: Scorch
   580 | D:1      | Reached XP level 3. HP: 19/19 MP: 2/9
  1043 | D:2      | Found a faded altar of an unknown god.
  1401 | D:3      | Reached skill level 4 in Spellcasting
  1401 | D:3      | Reached XP level 4. HP: 24/24 MP: 8/12
  1738 | D:3      | Noticed Jessica
  1742 | D:3      | Killed Jessica
  1979 | D:3      | Reached XP level 5. HP: 24/28 MP: 11/14
  2145 | D:3      | Noticed Sigmund
  2150 | D:3      | Killed Sigmund
  2151 | D:3      | Reached skill level 5 in Spellcasting
  2151 | D:3      | Reached XP level 6. HP: 32/32 MP: 10/16
  2686 | D:4      | Found a staircase to the Ecumenical Temple.
  2698 | Temple   | Entered the Ecumenical Temple
  3177 | D:4      | Reached skill level 5 in Fire Magic
  3206 | D:4      | Reached skill level 1 in Staves
  3378 | D:4      | Learned a level 4 spell: Flame Wave
  3382 | D:4      | Learned a level 3 spell: Hailstorm
  3523 | D:4      | Reached skill level 6 in Spellcasting
  3626 | D:4      | Reached XP level 7. HP: 31/36 MP: 10/18
  3853 | D:4      | Reached skill level 7 in Spellcasting
  3941 | D:4      | Found a basalt altar of Yredelemnul.
  4626 | D:5      | Entered Level 5 of the Dungeon
  4626 | D:5      | Noticed Ijyb
  4634 | D:5      | Killed Ijyb
  4869 | D:5      | Reached skill level 8 in Spellcasting
  4869 | D:5      | Reached XP level 8. HP: 41/41 MP: 13/22
  5083 | D:5      | Found a runed translucent door.
  5084 | D:5      | Noticed Crazy Yiuf
  5123 | D:5      | Noticed Grinder
  5133 | D:5      | Killed Grinder
  5603 | D:5      | Reached skill level 9 in Spellcasting
  5831 | D:5      | Killed Crazy Yiuf
  6233 | D:6      | Reached skill level 5 in Conjurations
  6307 | D:6      | Found a sand-covered staircase.
  6311 | Ossuary  | Entered an ossuary
  6517 | Ossuary  | Reached XP level 9. HP: 45/45 MP: 17/24
  7097 | D:6      | Found a hide-covered altar of Uskayaw.
  7243 | D:6      | Found an ornate altar of the Wu Jian Council.
  7261 | D:6      | Found a white marble altar of Elyvilon.
  7480 | D:7      | Found the +7 staff of the Meek {protect, meekguard}
  7623 | D:7      | Learned a level 5 spell: Fireball
  7625 | D:7      | Learned a level 1 spell: Freeze
  7627 | D:7      | Noticed a two-headed ogre
  7761 | D:8      | Reached skill level 10 in Spellcasting
  7771 | D:8      | Found a shimmering altar of Xom.
  8190 | D:7      | Found a radiant altar of Vehumet.
  8205 | D:7      | Became a worshipper of Vehumet
  8255 | D:7      | HP: 2/46 [two-headed ogre/+0 giant spiked club (38)]
  8255 | D:7      | Mangled by a two-headed ogre

Illustrated notes

Levels and vault maps discovered:
D:1:      nzn_arrival_crosshair, layout_basic, hex_tiny
D:2:      layout_rooms, hellmonk_ecumenical_altar_run_dry
D:3:      layout_basic, uniq_sigmund, uniq_jessica
D:4:      layout_basic, lemuel_mausoleum_altar_yredelemnul,
          minmay_temple_entry_antechambers, chequers_serial_rivers_micro_b,
          kennysheep_generic_room_11
D:5:      layout_basic, uniq_ijyb, uniq_grinder, uniq_crazy_yiuf_cottage
D:6:      layout_cave_pools, old_standard_altar,
          mainiacjoe_overflow_catwalk_spiral, enter_ossuary_5,
          serial_column_ruins, column_ruins_square_large,
          column_ruins_square_large, column_ruins_open_small,
          column_ruins_open_small, column_ruins_grid_3, column_ruins_columns_T,
          column_ruins_grid_1, column_ruins_columns_straight
D:7:      minmay_chambers_of_sixes, layout_basic, vehumet_altar_wand_db,
          uniq_maggie, uniq_joseph
D:8:      layout_loops_corners, xom_teletrap_fun
Temple:   dpeg_chambers_temple

Skill      XL: |  1  2  3  4  5  6  7  8  9 |
---------------+----------------------------+-----
Fire Magic     | 4 5 6 8 9 |  9.5
Stealth        | 3 4 |  4.6
Spellcasting   | 4 5 6 8 9 10 | 10.3
Conjurations   | 2 3 4 5 |  5.6
Dodging        | 3 |  3.1
Staves         | 1 |  1.2
Fighting       | |  0.3

Action                     |  1- 3 |  4- 6 |  7- 9 || total
---------------------------+-------+-------+-------++-------
  Melee: Unarmed           |     2 |       |       ||     2
         Staff             |       |     5 |     2 ||     7
   Cast: Foxfire           |    66 |   106 |   197 ||   369
         Scorch            |       |     4 |    79 ||    83
         Hailstorm         |       |     1 |       ||     1
         Flame Wave        |       |       |     3 ||     3
         Freeze            |       |       |     2 ||     2
         Fireball          |       |       |     1 ||     1
    Use: Scroll            |     1 |     2 |     4 ||     7
 Armour: Robe              |     4 |     4 |     4 ||    12
  Dodge: Dodged            |     7 |     7 |    24 ||    38
